WCHLSIM.com - West Coast Hockey League
html PUBLIC "-//W3C//DTD XHTML 1.0 Transitional//EN" "http://www.w3.org/TR/xhtml1/DTD/xhtml1-transitional.dtd"> WCHL - Game 219 - SAN JOSE BRONCOS vs SALEM BLACK JAYS

SAN JOSE BRONCOS vs SALEM BLACK JAYS

Created - 5 novembre 2019 at 17:37

Goals
1 2 3 OT1 T
SAN JOSE BRONCOS 1 0 1 1 3
SALEM BLACK JAYS 1 0 1 0 2
Shots
1 2 3 OT1 T
SAN JOSE BRONCOS 13 8 16 1 38
SALEM BLACK JAYS 5 9 8 0 22

1st period

1. SAN JOSE BRONCOS , Zach Parise 4 (Mikko Koivu 6, Jared Spurgeon 6) at 4:59
2. SALEM BLACK JAYS , Mikko Rantanen 7 (Mathew Barzal 11, Scott Mayfield 3) at 19:52

Penalties :
Cody Ceci (SAL) for Tripping (Minor) at 7:50, Scott Mayfield (SAL) for Tripping (Minor) at 13:52

2nd period

No Goal

Penalties :
No Penalty

3rd period

3. SAN JOSE BRONCOS , Jared Spurgeon 6 (Jesper Bratt 3, Cody Eakin 4) at 2:40 (PP)
4. SALEM BLACK JAYS , Trevor Lewis 1 (Mikko Rantanen 5, Scott Mayfield 4) at 16:56

Penalties :
Adam Larsson (SAL) for Hooking (Minor) at 2:25, Adam Pelech (SJO) for Hooking (Minor) at 2:43

Overtime #1

5. SAN JOSE BRONCOS , Mikko Koivu 4 (Zach Parise 11, Jaccob Slavin 6) at 1:18

Penalties :
No Penalty

Goalie Stats

Jacob Markstrom (SJO), 20 saves from 22 shots - (0,909), W, 9-2-1, 61:19 minutes
Mike Smith (SAL), 35 saves from 38 shots - (0,921), OTL, 6-3-1, 61:19 minutes

Players Stats for SAN JOSE BRONCOS

Player Name              G  A  P  +/- PIM S  H  SB GA TA FO     MP     PP MP  PK MP  
------------------------------------------------------------------------------------
Adam Pelech              0  0  0   0  2   0  1  0  0  0  0/0    17:26   0:15   0:00 
Alexander Radulov        0  0  0   0  0   4  0  1  0  0  0/2    21:37   1:47   0:00 
Anthony Beauvillier      0  0  0  -1  0   0  0  0  0  0  0/2    10:51   0:00   0:00 
Brady Skjei              0  0  0  -2  0   0  1  0  0  0  0/0    20:16   2:24   0:55 
Carter Rowney            0  0  0   0  0   0  0  0  0  0  0/0     7:46   0:00   0:00 
Cody Eakin               0  1  1  -1  0   2  0  0  0  0  9/17   13:17   2:26   0:00 
Colton Sissons           0  0  0   0  0   2  0  0  0  0  0/0     9:08   0:00   1:22 
Dustin Brown             0  0  0   0  0   5  1  0  0  0  0/1    21:08   2:11   0:00 
Evgeni Malkin            0  0  0   0  0   3  1  0  0  0  16/25  21:37   1:47   0:00 
Jaccob Slavin            0  1  1   2  0   0  0  2  0  0  0/0    23:24   2:24   0:55 
Jared Spurgeon           1  1  2   1  0   2  1  3  0  0  0/0    22:21   1:49   0:00 
Jesper Bratt             0  1  1  -1  0   1  0  0  0  0  0/1    11:06   0:15   0:00 
Marco Scandella          0  0  0   0  0   0  0  0  0  0  0/0    18:16   0:00   1:04 
Mikko Koivu              1  1  2   1  0   5  0  0  0  0  16/27  18:02   0:00   1:22 
Neal Pionk               0  0  0  -2  0   0  1  1  0  0  0/0    19:35   1:34   1:04 
Nick Bonino              0  0  0   0  0   6  0  0  0  0  6/14    8:23   0:00   0:37 
Oliver Bjorkstrand       0  0  0   0  0   1  2  0  0  0  0/0    18:40   2:26   0:00 
Zach Parise              1  1  2   1  0   7  0  0  0  0  2/4    19:04   1:47   0:37 

Players Stats for SALEM BLACK JAYS

Player Name              G  A  P  +/- PIM S  H  SB GA TA FO     MP     PP MP  PK MP  
------------------------------------------------------------------------------------
Adam Larsson             0  0  0   2  2   0  4  0  0  0  0/0    20:46   0:00   2:43 
Anthony DeAngelo         0  0  0   0  0   0  0  0  0  0  0/0     6:16   1:02   1:30 
Casey Cizikas            0  0  0   1  0   0  1  0  0  0  10/21  13:55   1:02   2:31 
Cody Ceci                0  0  0   0  2   0  1  1  0  0  0/0    20:19   0:00   0:55 
Dylan Larkin             0  0  0  -2  0   2  1  0  0  0  21/34  23:31   1:02   1:42 
Filip Chytil             0  0  0   0  0   0  0  0  0  0  1/7     9:06   0:00   0:00 
Jason Demers             0  0  0  -1  0   0  0  0  0  0  0/0    13:38   0:00   0:00 
Jimmy Schuldt            0  0  0   0  0   0  0  0  0  0  0/0     0:00   0:00   0:00 
Joshua Morrissey         0  0  0  -1  0   1  1  2  0  0  0/0    25:13   0:57   1:54 
Kyle Clifford            0  0  0   0  0   0  0  0  0  0  0/0     9:11   0:00   0:05 
Mathew Barzal            0  1  1   1  0   3  0  0  0  0  1/4    15:10   0:00   0:00 
Matthew Calvert          0  0  0  -1  0   0  4  0  0  0  0/0    20:13   0:00   0:00 
Michal Kempny            0  0  0  -1  0   0  0  2  0  0  0/0    14:35   0:57   0:00 
Mikko Rantanen           1  1  2   2  0   5  1  1  0  0  8/23   28:37   0:57   2:26 
Mitchell Marner          0  0  0  -2  0   7  0  0  0  0  2/2    21:26   0:57   0:00 
Par Lindholm             0  0  0   1  0   0  1  0  0  0  0/1    16:46   0:57   1:42 
Scott Mayfield           0  2  2   2  2   1  3  1  0  0  0/0    20:29   1:02   1:24 
Trevor Lewis             1  0  1   1  0   3  1  0  0  0  1/1    20:30   1:02   0:00 

3 Stars

1 - Jared Spurgeon (SJO)
2 - Mikko Rantanen (SAL)
3 - Mikko Koivu (SJO)

Power Play

SAN JOSE BRONCOS - 1 on 3 Attempt(s) - 33,33%
SALEM BLACK JAYS - 0 on 1 Attempt(s) - 0,00%

Penalty Kill

SAN JOSE BRONCOS - 1 on 1 Attempt(s) - 100,00% - Score 0 goal in Penalty Kill
SALEM BLACK JAYS - 2 on 3 Attempt(s) - 66,67% - Score 0 goal in Penalty Kill

Team Stat

SAN JOSE BRONCOS - Hits : 8 - Faceoff Wins : 49 - Blocked Shots : 7 - Penalty Minutes : 2
SALEM BLACK JAYS - Hits : 18 - Faceoff Wins : 44 - Blocked Shots : 7 - Penalty Minutes : 6

Official

Referees : Rob Martell and Dan O'Halloran
Linesman : Jesse Pletsch and Kevin Hastings

Game Notes

No Game Note

Finance

Level 1 -- Attendance: 6000 (100,00%) -- Ticket Income 660 000 $
Level 2 -- Attendance: 5000 (100,00%) -- Ticket Income 350 000 $
Level 3 -- Attendance: 2000 (100,00%) -- Ticket Income 90 000 $
Level 4 -- Attendance: 4000 (100,00%) -- Ticket Income 140 000 $
Luxury Box -- Attendance: 994 (99,40%) -- Ticket Income 208 740 $
Game was played at the Demon Arena.
Total Attendance: 17994 (99,97%)
Total Ticket Income: 1 448 740 $
Other Income: 434 622 $
Total Income: 1 883 362 $

SAN JOSE BRONCOS

5 vs 5 Forward 
   Center                   Left Wing                Right Wing               Time % Phy DF OF 
 1 Evgeni Malkin            Dustin Brown             Alexander Radulov        35     1   2  2  
 2 Mikko Koivu              Oliver Bjorkstrand       Zach Parise              30     1   2  2  
 3 Cody Eakin               Anthony Beauvillier      Jesper Bratt             20     1   2  2  
 4 Nick Bonino              Colton Sissons           Carter Rowney            15     1   2  2  

5 vs 5 Defense 
   Defense                  Defense                                           Time % Phy DF OF 
 1 Jared Spurgeon           Jaccob Slavin                                     36     1   2  2  
 2 Neal Pionk               Brady Skjei                                       31     1   2  2  
 3 Adam Pelech              Marco Scandella                                   23     1   2  2  
 4 Adam Pelech              Marco Scandella                                   10     1   2  2  

PowerPlay Forward 
   Center                   Left Wing                Right Wing               Time % Phy DF OF 
 1 Evgeni Malkin            Zach Parise              Alexander Radulov        55     1   2  2  
 2 Cody Eakin               Dustin Brown             Oliver Bjorkstrand       45     1   2  2  

PowerPlay Defense
   Defense                  Defense                                           Time % Phy DF OF 
 1 Jared Spurgeon           Neal Pionk                                        55     1   2  2  
 2 Jaccob Slavin            Brady Skjei                                       45     1   2  2  

Penalty Kill 4 Players Forward 
   Center                   Wing                     Time % Phy DF OF 
 1 Mikko Koivu              Colton Sissons           55     1   2  2  
 2 Nick Bonino              Zach Parise              45     1   2  2  

Penalty Kill 4 Players Defense
   Defense                  Defense                  Time % Phy DF OF 
 1 Marco Scandella          Neal Pionk               55     1   2  2  
 2 Jaccob Slavin            Brady Skjei              45     1   2  2  

Penalty Kill - 3 Players Forward 
   Forward                                           Time % Phy DF OF 
 1 Mikko Koivu                                       55     1   2  2  
 2 Zach Parise                                       45     1   2  2  

Penalty Kill - 3 Players Defense
   Defense                  Defense                  Time % Phy DF OF 
 1 Jaccob Slavin            Brady Skjei              50     1   2  2  
 2 Neal Pionk               Marco Scandella          50     1   2  2  

4 vs 4 Forward 
   Center                   Wing                     Time % Phy DF OF 
 1 Mikko Koivu              Zach Parise              50     1   2  2  
 2 Cody Eakin               Oliver Bjorkstrand       50     1   2  2  

4 vs 4 Defense
   Defense                  Defense                  Time % Phy DF OF 
 1 Brady Skjei              Adam Pelech              50     1   2  2  
 2 Neal Pionk               Marco Scandella          50     1   2  2  

Last Minutes Offensive
   Center                   Left Wing                Right Wing               Defense                  Defense                  
   Evgeni Malkin            Zach Parise              Alexander Radulov        Jared Spurgeon           Jaccob Slavin            

Last Minutes Defensive
   Center                   Left Wing                Right Wing               Defense                  Defense                  
   Mikko Koivu              Zach Parise              Alexander Radulov        Jared Spurgeon           Jaccob Slavin            

Goaltenders
Starting : Jacob Markstrom          
Backup : Petr Mrazek              

Extra Forwards
Normal : Cody Eakin, Oliver Bjorkstrand, Jesper Bratt - PP : Oliver Bjorkstrand, Jesper Bratt - PK : Carter Rowney
Extra Defensemen
Normal : Marco Scandella, Neal Pionk, Adam Pelech - PP : Adam Pelech - PK : Brady Skjei, Neal Pionk
Penalty Shots
Evgeni Malkin, Alexander Radulov, Zach Parise, Dustin Brown, Mikko Koivu
Custom OT Lines Forwards
Evgeni Malkin, Alexander Radulov, Mikko Koivu, Zach Parise, Cody Eakin, Dustin Brown, Colton Sissons, Oliver Bjorkstrand, Nick Bonino, Jesper Bratt
Custom OT Lines Defensemen
Jared Spurgeon, Jaccob Slavin, Neal Pionk, Brady Skjei, Adam Pelech

Scratches
Gabriel Vilardi (Healthy), Eemeli Rasanen (Healthy), Nikita Popugaev (Healthy), Nolan Stevens (Healthy), Sam Bennett (Healthy)
Rem Pitlick (Healthy), Zach Fischer (Healthy), Alexandar Georgiev (Healthy)

SALEM BLACK JAYS

5 vs 5 Forward 
   Center                   Left Wing                Right Wing               Time % Phy DF OF 
 1 Dylan Larkin             Matthew Calvert          Mitchell Marner          36     0   1  4  
 2 Mikko Rantanen           Par Lindholm             Mathew Barzal            31     0   1  4  
 3 Casey Cizikas            Trevor Lewis             Mikko Rantanen           23     1   2  2  
 4 Filip Chytil             Kyle Clifford            Trevor Lewis             10     1   3  1  

5 vs 5 Defense 
   Defense                  Defense                                           Time % Phy DF OF 
 1 Cody Ceci                Joshua Morrissey                                  36     1   2  2  
 2 Adam Larsson             Scott Mayfield                                    31     1   2  2  
 3 Jason Demers             Michal Kempny                                     23     1   2  2  
 4 Joshua Morrissey         Anthony DeAngelo                                  10     1   2  2  

PowerPlay Forward 
   Center                   Left Wing                Right Wing               Time % Phy DF OF 
 1 Dylan Larkin             Trevor Lewis             Casey Cizikas            55     1   2  2  
 2 Mitchell Marner          Par Lindholm             Mikko Rantanen           45     1   2  2  

PowerPlay Defense
   Defense                  Defense                                           Time % Phy DF OF 
 1 Joshua Morrissey         Michal Kempny                                     55     1   2  2  
 2 Scott Mayfield           Anthony DeAngelo                                  45     1   2  2  

Penalty Kill 4 Players Forward 
   Center                   Wing                     Time % Phy DF OF 
 1 Casey Cizikas            Mikko Rantanen           55     1   2  2  
 2 Dylan Larkin             Par Lindholm             45     1   2  2  

Penalty Kill 4 Players Defense
   Defense                  Defense                  Time % Phy DF OF 
 1 Joshua Morrissey         Cody Ceci                55     1   2  2  
 2 Scott Mayfield           Adam Larsson             45     1   2  2  

Penalty Kill - 3 Players Forward 
   Forward                                           Time % Phy DF OF 
 1 Dylan Larkin                                      55     1   2  2  
 2 Casey Cizikas                                     45     1   2  2  

Penalty Kill - 3 Players Defense
   Defense                  Defense                  Time % Phy DF OF 
 1 Joshua Morrissey         Cody Ceci                55     1   2  2  
 2 Scott Mayfield           Adam Larsson             45     1   2  2  

4 vs 4 Forward 
   Center                   Wing                     Time % Phy DF OF 
 1 Mikko Rantanen           Mitchell Marner          55     1   2  2  
 2 Dylan Larkin             Casey Cizikas            45     1   2  2  

4 vs 4 Defense
   Defense                  Defense                  Time % Phy DF OF 
 1 Cody Ceci                Joshua Morrissey         55     1   2  2  
 2 Scott Mayfield           Adam Larsson             45     1   2  2  

Last Minutes Offensive
   Center                   Left Wing                Right Wing               Defense                  Defense                  
   Dylan Larkin             Mikko Rantanen           Mitchell Marner          Joshua Morrissey         Anthony DeAngelo         

Last Minutes Defensive
   Center                   Left Wing                Right Wing               Defense                  Defense                  
   Dylan Larkin             Mikko Rantanen           Mitchell Marner          Joshua Morrissey         Anthony DeAngelo         

Goaltenders
Starting : Mike Smith               
Backup : Juuse Saros              

Extra Forwards
Normal : Mikko Rantanen, Dylan Larkin, Casey Cizikas - PP : Dylan Larkin, Casey Cizikas - PK : Casey Cizikas
Extra Defensemen
Normal : Adam Larsson, Joshua Morrissey, Michal Kempny - PP : Adam Larsson - PK : Scott Mayfield, Adam Larsson
Penalty Shots
Mikko Rantanen, Dylan Larkin, Par Lindholm, Mitchell Marner, Casey Cizikas
Custom OT Lines Forwards
Mitchell Marner, Mikko Rantanen, Mathew Barzal, Dylan Larkin, Casey Cizikas, Matthew Calvert, Filip Chytil, Par Lindholm, Kyle Clifford, Trevor Lewis
Custom OT Lines Defensemen
Cody Ceci, Joshua Morrissey, Michal Kempny, Scott Mayfield, Adam Larsson

Scratches
Andrew Welinski (Healthy), Zach Bogosian (Back Injury), Calle Rosen (Healthy), Brett Ritchie (Healthy), Curtis Lazar (Healthy)
Devante Stephens (Healthy), Kevin Gravel (Healthy), Nicolas Kerdiles (Healthy), Scott Kosmachuk (Healthy), Spencer Foo (Healthy)
Tobias Rieder (Healthy), Harri Sateri (Healthy)

% Time on Ice - SAN JOSE BRONCOS

Lines # - Real PCT - Wanted PCT - Time Play
Normal Forward
1 - 35% - 35% - 18:57
2 - 30% - 30% - 16:14
3 - 20% - 20% - 10:51
4 - 14% - 15% - 7:46
Normal Defense
1 - 37% - 36% - 19:39
2 - 32% - 31% - 16:57
3 - 23% - 23% - 12:21
4 - 9% - 10% - 4:51
PP Forward
1 - 42% - 55% - 1:47
2 - 58% - 45% - 2:26
PP Defense
1 - 43% - 55% - 1:49
2 - 57% - 45% - 2:24
PK Forward
1 - 69% - 55% - 1:22
2 - 31% - 45% - 0:37
PK Defense
1 - 54% - 55% - 1:04
2 - 46% - 45% - 0:55
PK3 Forward
1 - 0% - 55%
2 - 0% - 45%
PK3 Defense
1 - 0% - 50%
2 - 0% - 50%
44 Forward
1 - 0% - 50%
2 - 0% - 50%
44 Defense
1 - 0% - 50%
2 - 0% - 50%
Last Minute Offensive  - 0:00
Last Minute Defensive  - 0:00
Total
Forward - 60:00
Defense - 60:00

% Time on Ice - SALEM BLACK JAYS

Lines # - Real PCT - Wanted PCT - Time Play
Normal Forward
1 - 38% - 36% - 20:13
2 - 26% - 31% - 14:07
3 - 19% - 23% - 10:22
4 - 17% - 10% - 9:06
Normal Defense
1 - 34% - 36% - 18:22
2 - 34% - 31% - 18:04
3 - 25% - 23% - 13:38
4 - 7% - 10% - 3:44
PP Forward
1 - 52% - 55% - 1:02
2 - 48% - 45% - 0:57
PP Defense
1 - 48% - 55% - 0:57
2 - 52% - 45% - 1:02
PK Forward
1 - 60% - 55% - 2:31
2 - 40% - 45% - 1:42
PK Defense
1 - 48% - 55% - 2:01
2 - 52% - 45% - 2:12
PK3 Forward
1 - 0% - 55%
2 - 0% - 45%
PK3 Defense
1 - 0% - 55%
2 - 0% - 45%
44 Forward
1 - 0% - 55%
2 - 0% - 45%
44 Defense
1 - 0% - 55%
2 - 0% - 45%
Last Minute Offensive  - 0:00
Last Minute Defensive  - 0:00
Total
Forward - 60:00
Defense - 60:00

Play-by-Play

1st period


0:01 of 1st period - Dylan Larkin wins face-off versus Evgeni Malkin in neutral zone.
0:34 of 1st period - Shot by Evgeni Malkin.
0:34 of 1st period - Shot Blocked by Cody Ceci.
1:09 of 1st period - Icing by Neal Pionk.
1:10 of 1st period - Mikko Koivu wins face-off versus Mikko Rantanen in SAN JOSE BRONCOS zone.
1:14 of 1st period - Off-side.
1:15 of 1st period - Cody Eakin wins face-off versus Casey Cizikas in neutral zone.
1:27 of 1st period - Shot by Mikko Rantanen.
1:27 of 1st period - Shot Misses the Net.
1:54 of 1st period - Icing by Michal Kempny.
1:55 of 1st period - Nick Bonino wins face-off versus Casey Cizikas in SALEM BLACK JAYS zone.
2:08 of 1st period - Shot by Nick Bonino.
2:08 of 1st period - Stopped by Mike Smith without a rebound.
2:09 of 1st period - Dylan Larkin wins face-off versus Zach Parise in SALEM BLACK JAYS zone.
2:09 of 1st period - Dylan Larkin is hit by Oliver Bjorkstrand.
2:23 of 1st period - Jared Spurgeon is hit by Matthew Calvert and loses puck.
2:44 of 1st period - Shot by Zach Parise.
2:44 of 1st period - Stopped by Mike Smith without a rebound.
2:45 of 1st period - Nick Bonino wins face-off versus Par Lindholm in SALEM BLACK JAYS zone.
2:47 of 1st period - Colton Sissons is hit by Joshua Morrissey and loses puck.
3:52 of 1st period - Shot by Trevor Lewis.
3:52 of 1st period - Shot Blocked by Neal Pionk.
4:28 of 1st period - Shot by Alexander Radulov.
4:28 of 1st period - Deflect By Evgeni Malkin.
4:28 of 1st period - Stopped by Mike Smith without a rebound.
4:29 of 1st period - Dylan Larkin wins face-off versus Mikko Koivu in SALEM BLACK JAYS zone.
4:59 of 1st period - Shot by Zach Parise.
4:59 of 1st period - Goal by Zach Parise - SAN JOSE BRONCOS : 1 - SALEM BLACK JAYS : 0.
5:00 of 1st period - Evgeni Malkin wins face-off versus Mikko Rantanen in neutral zone.
5:15 of 1st period - Shot by Mathew Barzal.
5:15 of 1st period - Shot Misses the Net.
5:18 of 1st period - Icing by Adam Pelech.
5:19 of 1st period - Trevor Lewis wins face-off versus Evgeni Malkin in SAN JOSE BRONCOS zone.
6:23 of 1st period - Jaccob Slavin is hit by Matthew Calvert and loses puck.
6:28 of 1st period - Shot by Dylan Larkin.
6:28 of 1st period - Deflect By Mitchell Marner.
6:28 of 1st period - Stopped by Jacob Markstrom without a rebound.
6:29 of 1st period - Mikko Koivu wins face-off versus Mikko Rantanen in SAN JOSE BRONCOS zone.
6:38 of 1st period - Shot by Mikko Koivu.
6:38 of 1st period - Shot Blocked by Michal Kempny.
7:50 of 1st period - Minor Penalty to Cody Ceci for Tripping.
7:51 of 1st period - Casey Cizikas wins face-off versus Evgeni Malkin in SALEM BLACK JAYS zone.
8:14 of 1st period - Shot by Jared Spurgeon.
8:14 of 1st period - Stopped by Mike Smith without a rebound.
8:15 of 1st period - Dylan Larkin wins face-off versus Cody Eakin in SALEM BLACK JAYS zone.
8:36 of 1st period - Shot by Dustin Brown.
8:36 of 1st period - Stopped by Mike Smith with a rebound.
9:11 of 1st period - Icing by Jaccob Slavin.
9:12 of 1st period - Casey Cizikas wins face-off versus Cody Eakin in SAN JOSE BRONCOS zone.
9:12 of 1st period - Casey Cizikas is hit by Brady Skjei.
10:09 of 1st period - Shot by Nick Bonino.
10:09 of 1st period - Shot Blocked by Michal Kempny.
10:11 of 1st period - Shot by Nick Bonino.
10:11 of 1st period - Stopped by Mike Smith without a rebound.
10:12 of 1st period - Evgeni Malkin wins face-off versus Dylan Larkin in SALEM BLACK JAYS zone.
10:29 of 1st period - Shot by Mitchell Marner.
10:29 of 1st period - Shot Misses the Net.
10:48 of 1st period - Shot by Mitchell Marner.
10:48 of 1st period - Stopped by Jacob Markstrom with a rebound.
10:51 of 1st period - Icing by Adam Pelech.
10:52 of 1st period - Casey Cizikas wins face-off versus Dustin Brown in SAN JOSE BRONCOS zone.
11:21 of 1st period - Shot by Nick Bonino.
11:21 of 1st period - Shot Misses the Net.
11:25 of 1st period - Shot by Colton Sissons.
11:25 of 1st period - Stopped by Mike Smith without a rebound.
11:26 of 1st period - Mikko Rantanen wins face-off versus Cody Eakin in SALEM BLACK JAYS zone.
12:24 of 1st period - Shot by Mitchell Marner.
12:24 of 1st period - Stopped by Jacob Markstrom without a rebound.
12:25 of 1st period - Mikko Koivu wins face-off versus Dylan Larkin in SAN JOSE BRONCOS zone.
12:25 of 1st period - Mikko Koivu is hit by Dylan Larkin.
12:44 of 1st period - Zach Parise is hit by Cody Ceci and loses puck.
13:01 of 1st period - Jaccob Slavin is hit by Matthew Calvert and loses puck.
13:18 of 1st period - Mikko Koivu is hit by Matthew Calvert and loses puck.
13:33 of 1st period - Shot by Dustin Brown.
13:33 of 1st period - Stopped by Mike Smith without a rebound.
13:34 of 1st period - Evgeni Malkin wins face-off versus Filip Chytil in SALEM BLACK JAYS zone.
13:34 of 1st period - Alexander Radulov is hit by Scott Mayfield and loses puck.
13:52 of 1st period - Minor Penalty to Scott Mayfield for Tripping.
13:53 of 1st period - Evgeni Malkin wins face-off versus Casey Cizikas in SALEM BLACK JAYS zone.
14:39 of 1st period - Shot by Cody Eakin.
14:39 of 1st period - Shot Misses the Net.
14:56 of 1st period - Shot by Cody Eakin.
14:56 of 1st period - Stopped by Mike Smith without a rebound.
14:57 of 1st period - Dylan Larkin wins face-off versus Evgeni Malkin in SALEM BLACK JAYS zone.
15:12 of 1st period - Shot by Alexander Radulov.
15:12 of 1st period - Stopped by Mike Smith with a rebound.
15:14 of 1st period - Shot by Jaccob Slavin.
15:14 of 1st period - Shot Misses the Net.
15:16 of 1st period - Shot by Brady Skjei.
15:16 of 1st period - Shot Misses the Net.
15:18 of 1st period - Shot by Zach Parise.
15:18 of 1st period - Shot Misses the Net.
15:20 of 1st period - Shot by Jaccob Slavin.
15:20 of 1st period - Shot Misses the Net.
16:29 of 1st period - Shot by Colton Sissons.
16:29 of 1st period - Stopped by Mike Smith with a rebound.
16:31 of 1st period - Shot by Nick Bonino.
16:31 of 1st period - Stopped by Mike Smith without a rebound.
16:32 of 1st period - Dylan Larkin wins face-off versus Anthony Beauvillier in SALEM BLACK JAYS zone.
17:07 of 1st period - Icing by Neal Pionk.
17:08 of 1st period - Cody Eakin wins face-off versus Mathew Barzal in SAN JOSE BRONCOS zone.
18:12 of 1st period - Shot by Alexander Radulov.
18:12 of 1st period - Shot Misses the Net.
19:15 of 1st period - Shot by Mitchell Marner.
19:15 of 1st period - Shot Misses the Net.
19:17 of 1st period - Shot by Dylan Larkin.
19:17 of 1st period - Deflect By Mitchell Marner.
19:17 of 1st period - Stopped by Jacob Markstrom without a rebound.
19:18 of 1st period - Cody Eakin wins face-off versus Mikko Rantanen in SAN JOSE BRONCOS zone.
19:35 of 1st period - Neal Pionk is hit by Mikko Rantanen and loses puck.
19:52 of 1st period - Shot by Mikko Rantanen.
19:52 of 1st period - Goal by Mikko Rantanen - SAN JOSE BRONCOS : 1 - SALEM BLACK JAYS : 1.
19:53 of 1st period - Dylan Larkin wins face-off versus Mikko Koivu in neutral zone.
Goals for this period are 1 for SAN JOSE BRONCOS vs 1 for SALEM BLACK JAYS.
Shots for this period are 13 for SAN JOSE BRONCOS vs 5 for SALEM BLACK JAYS.

2nd period


0:01 of 2nd period - Mikko Koivu wins face-off versus Casey Cizikas in neutral zone.
0:18 of 2nd period - Shot by Mikko Koivu.
0:18 of 2nd period - Shot Misses the Net.
0:26 of 2nd period - Shot by Zach Parise.
0:26 of 2nd period - Stopped by Mike Smith without a rebound.
0:27 of 2nd period - Evgeni Malkin wins face-off versus Dylan Larkin in SALEM BLACK JAYS zone.
0:55 of 2nd period - Shot by Mitchell Marner.
0:55 of 2nd period - Stopped by Jacob Markstrom without a rebound.
0:56 of 2nd period - Casey Cizikas wins face-off versus Mikko Koivu in SAN JOSE BRONCOS zone.
1:40 of 2nd period - Off-side.
1:41 of 2nd period - Evgeni Malkin wins face-off versus Dylan Larkin in neutral zone.
1:50 of 2nd period - Shot by Evgeni Malkin.
1:50 of 2nd period - Stopped by Mike Smith with a rebound.
1:58 of 2nd period - Dylan Larkin is hit by Evgeni Malkin and loses puck.
2:40 of 2nd period - Icing by Neal Pionk.
2:41 of 2nd period - Evgeni Malkin wins face-off versus Mikko Rantanen in SAN JOSE BRONCOS zone.
3:04 of 2nd period - Shot by Mathew Barzal.
3:04 of 2nd period - Stopped by Jacob Markstrom with a rebound.
3:33 of 2nd period - Icing by Zach Parise.
3:34 of 2nd period - Mikko Koivu wins face-off versus Filip Chytil in SAN JOSE BRONCOS zone.
3:55 of 2nd period - Shot by Filip Chytil.
3:55 of 2nd period - Deflect By Trevor Lewis.
3:55 of 2nd period - Stopped by Jacob Markstrom without a rebound.
3:56 of 2nd period - Dylan Larkin wins face-off versus Cody Eakin in SAN JOSE BRONCOS zone.
4:01 of 2nd period - Shot by Mitchell Marner.
4:01 of 2nd period - Deflect By Dylan Larkin.
4:01 of 2nd period - Stopped by Jacob Markstrom without a rebound.
4:02 of 2nd period - Cody Eakin wins face-off versus Casey Cizikas in SAN JOSE BRONCOS zone.
4:17 of 2nd period - Shot by Anthony Beauvillier.
4:17 of 2nd period - Shot Blocked by Joshua Morrissey.
4:42 of 2nd period - Off-side.
4:43 of 2nd period - Dylan Larkin wins face-off versus Mikko Koivu in neutral zone.
5:01 of 2nd period - Icing by Mitchell Marner.
5:02 of 2nd period - Dylan Larkin wins face-off versus Evgeni Malkin in SALEM BLACK JAYS zone.
5:12 of 2nd period - Icing by Alexander Radulov.
5:13 of 2nd period - Evgeni Malkin wins face-off versus Mikko Rantanen in SAN JOSE BRONCOS zone.
5:13 of 2nd period - Evgeni Malkin is hit by Par Lindholm.
5:21 of 2nd period - Shot by Alexander Radulov.
5:21 of 2nd period - Stopped by Mike Smith without a rebound.
5:22 of 2nd period - Mikko Koivu wins face-off versus Casey Cizikas in SALEM BLACK JAYS zone.
5:26 of 2nd period - Icing by Joshua Morrissey.
5:27 of 2nd period - Casey Cizikas wins face-off versus Zach Parise in SALEM BLACK JAYS zone.
5:46 of 2nd period - Shot by Zach Parise.
5:46 of 2nd period - Shot Blocked by Joshua Morrissey.
6:02 of 2nd period - Mikko Koivu is hit by Casey Cizikas and loses puck.
6:06 of 2nd period - Icing by Jaccob Slavin.
6:07 of 2nd period - Zach Parise wins face-off versus Dylan Larkin in SAN JOSE BRONCOS zone.
6:14 of 2nd period - Shot by Dylan Larkin.
6:14 of 2nd period - Shot Blocked by Jaccob Slavin.
6:28 of 2nd period - Shot by Dylan Larkin.
6:28 of 2nd period - Deflect By Mitchell Marner.
6:28 of 2nd period - Stopped by Jacob Markstrom without a rebound.
6:29 of 2nd period - Mikko Rantanen wins face-off versus Evgeni Malkin in SAN JOSE BRONCOS zone.
6:44 of 2nd period - Shot by Mathew Barzal.
6:44 of 2nd period - Shot Misses the Net.
6:49 of 2nd period - Alexander Radulov is hit by Adam Larsson and loses puck.
6:55 of 2nd period - Evgeni Malkin is hit by Adam Larsson and loses puck.
7:00 of 2nd period - Shot by Dustin Brown.
7:00 of 2nd period - Stopped by Mike Smith without a rebound.
7:01 of 2nd period - Dylan Larkin wins face-off versus Nick Bonino in SALEM BLACK JAYS zone.
7:27 of 2nd period - Shot by Nick Bonino.
7:27 of 2nd period - Stopped by Mike Smith without a rebound.
7:28 of 2nd period - Evgeni Malkin wins face-off versus Casey Cizikas in SALEM BLACK JAYS zone.
7:59 of 2nd period - Shot by Mikko Rantanen.
7:59 of 2nd period - Stopped by Jacob Markstrom with a rebound.
8:01 of 2nd period - Shot by Michal Kempny.
8:01 of 2nd period - Deflect By Mikko Rantanen.
8:01 of 2nd period - Stopped by Jacob Markstrom without a rebound.
8:02 of 2nd period - Mikko Koivu wins face-off versus Dylan Larkin in SAN JOSE BRONCOS zone.
8:40 of 2nd period - Off-side.
8:41 of 2nd period - Evgeni Malkin wins face-off versus Mathew Barzal in neutral zone.
9:33 of 2nd period - Icing by Scott Mayfield.
9:34 of 2nd period - Cody Eakin wins face-off versus Mikko Rantanen in SALEM BLACK JAYS zone.
9:42 of 2nd period - Icing by Mikko Rantanen.
9:43 of 2nd period - Mathew Barzal wins face-off versus Nick Bonino in SALEM BLACK JAYS zone.
9:59 of 2nd period - Icing by Neal Pionk.
10:00 of 2nd period - Dylan Larkin wins face-off versus Nick Bonino in SAN JOSE BRONCOS zone.
10:44 of 2nd period - Icing by Cody Ceci.
10:45 of 2nd period - Cody Eakin wins face-off versus Dylan Larkin in SALEM BLACK JAYS zone.
11:13 of 2nd period - Icing by Adam Pelech.
11:14 of 2nd period - Casey Cizikas wins face-off versus Jesper Bratt in SAN JOSE BRONCOS zone.
12:22 of 2nd period - Off-side.
12:23 of 2nd period - Mikko Koivu wins face-off versus Dylan Larkin in neutral zone.
12:50 of 2nd period - Shot by Dylan Larkin.
12:50 of 2nd period - Shot Hit the Post.
13:14 of 2nd period - Shot by Mikko Rantanen.
13:14 of 2nd period - Shot Misses the Net.
13:24 of 2nd period - Shot by Par Lindholm.
13:24 of 2nd period - Shot Blocked by Jared Spurgeon.
13:26 of 2nd period - Shot by Mikko Rantanen.
13:26 of 2nd period - Shot Misses the Net.
13:30 of 2nd period - Shot by Mikko Rantanen.
13:30 of 2nd period - Shot Misses the Net.
13:36 of 2nd period - Shot by Mathew Barzal.
13:36 of 2nd period - Deflect By Mikko Rantanen.
13:36 of 2nd period - Shot Misses the Net.
13:38 of 2nd period - Shot by Scott Mayfield.
13:38 of 2nd period - Stopped by Jacob Markstrom without a rebound.
13:39 of 2nd period - Evgeni Malkin wins face-off versus Filip Chytil in SAN JOSE BRONCOS zone.
13:58 of 2nd period - Off-side.
13:59 of 2nd period - Nick Bonino wins face-off versus Mikko Rantanen in neutral zone.
15:18 of 2nd period - Shot by Alexander Radulov.
15:18 of 2nd period - Stopped by Mike Smith without a rebound.
15:19 of 2nd period - Cody Eakin wins face-off versus Filip Chytil in SALEM BLACK JAYS zone.
15:39 of 2nd period - Trevor Lewis is hit by Jared Spurgeon and loses puck.
17:13 of 2nd period - Shot by Mathew Barzal.
17:13 of 2nd period - Stopped by Jacob Markstrom without a rebound.
17:14 of 2nd period - Mikko Rantanen wins face-off versus Mikko Koivu in SAN JOSE BRONCOS zone.
17:55 of 2nd period - Icing by Mikko Rantanen.
17:56 of 2nd period - Nick Bonino wins face-off versus Mikko Rantanen in SALEM BLACK JAYS zone.
18:02 of 2nd period - Icing by Scott Mayfield.
18:03 of 2nd period - Mikko Rantanen wins face-off versus Nick Bonino in SALEM BLACK JAYS zone.
18:05 of 2nd period - Icing by Mathew Barzal.
18:06 of 2nd period - Evgeni Malkin wins face-off versus Mikko Rantanen in SALEM BLACK JAYS zone.
18:18 of 2nd period - Shot by Alexander Radulov.
18:18 of 2nd period - Stopped by Mike Smith without a rebound.
18:19 of 2nd period - Dylan Larkin wins face-off versus Nick Bonino in SALEM BLACK JAYS zone.
18:36 of 2nd period - Icing by Adam Pelech.
18:37 of 2nd period - Casey Cizikas wins face-off versus Nick Bonino in SAN JOSE BRONCOS zone.
18:39 of 2nd period - Mikko Rantanen is hit by Adam Pelech and loses puck.
18:53 of 2nd period - Off-side.
18:54 of 2nd period - Dylan Larkin wins face-off versus Mikko Koivu in neutral zone.
19:00 of 2nd period - Icing by Jared Spurgeon.
19:01 of 2nd period - Casey Cizikas wins face-off versus Mikko Koivu in SAN JOSE BRONCOS zone.
19:06 of 2nd period - Shot by Joshua Morrissey.
19:06 of 2nd period - Shot Misses the Net.
19:20 of 2nd period - Shot by Zach Parise.
19:20 of 2nd period - Shot Misses the Net.
19:24 of 2nd period - Shot by Mikko Koivu.
19:24 of 2nd period - Deflect By Zach Parise.
19:24 of 2nd period - Shot Misses the Net.
19:26 of 2nd period - Shot by Mikko Koivu.
19:26 of 2nd period - Deflect By Zach Parise.
19:26 of 2nd period - Shot Misses the Net.
19:30 of 2nd period - Shot by Mikko Koivu.
19:30 of 2nd period - Stopped by Mike Smith without a rebound.
19:31 of 2nd period - Dylan Larkin wins face-off versus Evgeni Malkin in SALEM BLACK JAYS zone.
19:43 of 2nd period - Evgeni Malkin is hit by Scott Mayfield and loses puck.
19:57 of 2nd period - Dustin Brown is hit by Adam Larsson and loses puck.
Goals for this period are 0 for SAN JOSE BRONCOS vs 0 for SALEM BLACK JAYS.
Shots for this period are 8 for SAN JOSE BRONCOS vs 9 for SALEM BLACK JAYS.

3rd period


0:01 of 3rd period - Mikko Rantanen wins face-off versus Mikko Koivu in neutral zone.
0:04 of 3rd period - Shot by Mathew Barzal.
0:04 of 3rd period - Shot Misses the Net.
0:33 of 3rd period - Shot by Mikko Rantanen.
0:33 of 3rd period - Shot Misses the Net.
1:52 of 3rd period - Dustin Brown is hit by Scott Mayfield and loses puck.
2:25 of 3rd period - Minor Penalty to Adam Larsson for Hooking.
2:26 of 3rd period - Casey Cizikas wins face-off versus Cody Eakin in SALEM BLACK JAYS zone.
2:32 of 3rd period - Icing by Adam Pelech.
2:33 of 3rd period - Cody Eakin wins face-off versus Casey Cizikas in SAN JOSE BRONCOS zone.
2:40 of 3rd period - Shot by Jared Spurgeon.
2:40 of 3rd period - Goal by Jared Spurgeon - SAN JOSE BRONCOS : 2 - SALEM BLACK JAYS : 1.
2:41 of 3rd period - Mikko Rantanen wins face-off versus Anthony Beauvillier in neutral zone.
2:43 of 3rd period - Minor Penalty to Adam Pelech for Hooking.
2:44 of 3rd period - Mitchell Marner wins face-off versus Mikko Koivu in SAN JOSE BRONCOS zone.
3:05 of 3rd period - Shot by Mitchell Marner.
3:05 of 3rd period - Stopped by Jacob Markstrom without a rebound.
3:06 of 3rd period - Mikko Koivu wins face-off versus Dylan Larkin in SAN JOSE BRONCOS zone.
3:16 of 3rd period - Icing by Anthony DeAngelo.
3:17 of 3rd period - Mikko Koivu wins face-off versus Dylan Larkin in SALEM BLACK JAYS zone.
4:21 of 3rd period - Shot by Mikko Rantanen.
4:21 of 3rd period - Stopped by Jacob Markstrom with a rebound.
4:23 of 3rd period - Shot by Joshua Morrissey.
4:23 of 3rd period - Stopped by Jacob Markstrom without a rebound.
4:24 of 3rd period - Mitchell Marner wins face-off versus Nick Bonino in SAN JOSE BRONCOS zone.
4:41 of 3rd period - Shot by Mitchell Marner.
4:41 of 3rd period - Shot Misses the Net.
5:09 of 3rd period - Shot by Trevor Lewis.
5:09 of 3rd period - Stopped by Jacob Markstrom without a rebound.
5:10 of 3rd period - Dylan Larkin wins face-off versus Cody Eakin in SAN JOSE BRONCOS zone.
5:16 of 3rd period - Dylan Larkin is hit by Neal Pionk and loses puck.
5:47 of 3rd period - Shot by Cody Eakin.
5:47 of 3rd period - Stopped by Mike Smith without a rebound.
5:48 of 3rd period - Zach Parise wins face-off versus Mikko Rantanen in SALEM BLACK JAYS zone.
5:49 of 3rd period - Shot by Mikko Koivu.
5:49 of 3rd period - Shot Misses the Net.
5:51 of 3rd period - Shot by Mikko Koivu.
5:51 of 3rd period - Stopped by Mike Smith without a rebound.
5:52 of 3rd period - Mikko Koivu wins face-off versus Mikko Rantanen in SALEM BLACK JAYS zone.
6:17 of 3rd period - Shot by Mikko Rantanen.
6:17 of 3rd period - Stopped by Jacob Markstrom without a rebound.
6:18 of 3rd period - Dylan Larkin wins face-off versus Evgeni Malkin in SAN JOSE BRONCOS zone.
6:33 of 3rd period - Shot by Mitchell Marner.
6:33 of 3rd period - Shot Blocked by Jaccob Slavin.
6:35 of 3rd period - Shot by Mitchell Marner.
6:35 of 3rd period - Shot Blocked by Alexander Radulov.
6:37 of 3rd period - Shot by Dylan Larkin.
6:37 of 3rd period - Shot Blocked by Jared Spurgeon.
7:14 of 3rd period - Joshua Morrissey is hit by Dustin Brown and loses puck.
7:18 of 3rd period - Icing by Cody Ceci.
7:19 of 3rd period - Mikko Koivu wins face-off versus Casey Cizikas in SALEM BLACK JAYS zone.
8:33 of 3rd period - Shot by Jesper Bratt.
8:33 of 3rd period - Stopped by Mike Smith without a rebound.
8:34 of 3rd period - Mikko Rantanen wins face-off versus Nick Bonino in SALEM BLACK JAYS zone.
8:45 of 3rd period - Shot by Mikko Rantanen.
8:45 of 3rd period - Shot Blocked by Jared Spurgeon.
8:59 of 3rd period - Shot by Mathew Barzal.
8:59 of 3rd period - Stopped by Jacob Markstrom without a rebound.
9:00 of 3rd period - Evgeni Malkin wins face-off versus Filip Chytil in SAN JOSE BRONCOS zone.
10:10 of 3rd period - Icing by Michal Kempny.
10:11 of 3rd period - Mikko Koivu wins face-off versus Filip Chytil in SALEM BLACK JAYS zone.
10:20 of 3rd period - Shot by Mikko Koivu.
10:20 of 3rd period - Stopped by Mike Smith with a rebound.
10:31 of 3rd period - Icing by Marco Scandella.
10:32 of 3rd period - Mikko Koivu wins face-off versus Mikko Rantanen in SAN JOSE BRONCOS zone.
10:39 of 3rd period - Shot by Zach Parise.
10:39 of 3rd period - Stopped by Mike Smith with a rebound.
10:41 of 3rd period - Shot by Zach Parise.
10:41 of 3rd period - Stopped by Mike Smith with a rebound.
10:43 of 3rd period - Shot by Zach Parise.
10:43 of 3rd period - Shot Misses the Net.
10:45 of 3rd period - Shot by Mikko Koivu.
10:45 of 3rd period - Shot Hit the Post.
10:55 of 3rd period - Shot by Mikko Koivu.
10:55 of 3rd period - Stopped by Mike Smith with a rebound.
10:57 of 3rd period - Shot by Zach Parise.
10:57 of 3rd period - Stopped by Mike Smith with a rebound.
10:59 of 3rd period - Shot by Mikko Koivu.
10:59 of 3rd period - Shot Blocked by Mikko Rantanen.
11:01 of 3rd period - Shot by Mikko Koivu.
11:01 of 3rd period - Deflect By Zach Parise.
11:01 of 3rd period - Stopped by Mike Smith without a rebound.
11:02 of 3rd period - Evgeni Malkin wins face-off versus Dylan Larkin in SALEM BLACK JAYS zone.
11:03 of 3rd period - Shot by Alexander Radulov.
11:03 of 3rd period - Deflect By Dustin Brown.
11:03 of 3rd period - Stopped by Mike Smith without a rebound.
11:04 of 3rd period - Dylan Larkin wins face-off versus Alexander Radulov in SALEM BLACK JAYS zone.
11:49 of 3rd period - Alexander Radulov is hit by Adam Larsson and loses puck.
12:21 of 3rd period - Shot by Jesper Bratt.
12:21 of 3rd period - Shot Misses the Net.
13:03 of 3rd period - Off-side.
13:04 of 3rd period - Filip Chytil wins face-off versus Mikko Koivu in neutral zone.
13:07 of 3rd period - Shot by Trevor Lewis.
13:07 of 3rd period - Shot Misses the Net.
13:45 of 3rd period - Marco Scandella is hit by Trevor Lewis and loses puck.
14:29 of 3rd period - Icing by Jaccob Slavin.
14:30 of 3rd period - Dylan Larkin wins face-off versus Evgeni Malkin in SAN JOSE BRONCOS zone.
14:47 of 3rd period - Shot by Dustin Brown.
14:47 of 3rd period - Stopped by Mike Smith without a rebound.
14:48 of 3rd period - Nick Bonino wins face-off versus Mikko Rantanen in SALEM BLACK JAYS zone.
14:58 of 3rd period - Icing by Scott Mayfield.
14:59 of 3rd period - Mikko Rantanen wins face-off versus Cody Eakin in SALEM BLACK JAYS zone.
15:17 of 3rd period - Icing by Adam Pelech.
15:18 of 3rd period - Dylan Larkin wins face-off versus Cody Eakin in SAN JOSE BRONCOS zone.
15:55 of 3rd period - Shot by Dylan Larkin.
15:55 of 3rd period - Stopped by Jacob Markstrom without a rebound.
15:56 of 3rd period - Mikko Koivu wins face-off versus Mikko Rantanen in SAN JOSE BRONCOS zone.
16:05 of 3rd period - Shot by Oliver Bjorkstrand.
16:05 of 3rd period - Stopped by Mike Smith without a rebound.
16:06 of 3rd period - Nick Bonino wins face-off versus Casey Cizikas in SALEM BLACK JAYS zone.
16:27 of 3rd period - Shot by Nick Bonino.
16:27 of 3rd period - Stopped by Mike Smith with a rebound.
16:42 of 3rd period - Icing by Casey Cizikas.
16:43 of 3rd period - Casey Cizikas wins face-off versus Mikko Koivu in SALEM BLACK JAYS zone.
16:43 of 3rd period - Mikko Rantanen is hit by Oliver Bjorkstrand and loses puck.
16:56 of 3rd period - Shot by Trevor Lewis.
16:56 of 3rd period - Goal by Trevor Lewis - SAN JOSE BRONCOS : 2 - SALEM BLACK JAYS : 2.
16:57 of 3rd period - Evgeni Malkin wins face-off versus Dylan Larkin in neutral zone.
18:09 of 3rd period - Icing by Brady Skjei.
18:10 of 3rd period - Mikko Koivu wins face-off versus Casey Cizikas in SAN JOSE BRONCOS zone.
18:27 of 3rd period - Shot by Zach Parise.
18:27 of 3rd period - Shot Blocked by Scott Mayfield.
19:29 of 3rd period - Shot by Nick Bonino.
19:29 of 3rd period - Stopped by Mike Smith without a rebound.
19:30 of 3rd period - Dylan Larkin wins face-off versus Alexander Radulov in SALEM BLACK JAYS zone.
19:51 of 3rd period - Shot by Alexander Radulov.
19:51 of 3rd period - Deflect By Evgeni Malkin.
19:51 of 3rd period - Stopped by Mike Smith without a rebound.
19:52 of 3rd period - Cody Eakin wins face-off versus Dylan Larkin in SALEM BLACK JAYS zone.
Goals for this period are 1 for SAN JOSE BRONCOS vs 1 for SALEM BLACK JAYS.
Shots for this period are 16 for SAN JOSE BRONCOS vs 8 for SALEM BLACK JAYS.

Overtime #1


0:01 of 1st overtime period - Evgeni Malkin wins face-off versus Mathew Barzal in neutral zone.
1:18 of 1st overtime period - Shot by Mikko Koivu.
1:18 of 1st overtime period - Goal by Mikko Koivu - SAN JOSE BRONCOS : 3 - SALEM BLACK JAYS : 2.
Goals for this period are 1 for SAN JOSE BRONCOS vs 0 for SALEM BLACK JAYS.
Shots for this period are 1 for SAN JOSE BRONCOS vs 0 for SALEM BLACK JAYS.


NATHAN
MACKINNON
PHILLIP
DANAULT
CONNOR
MCDAVID

EAST COAST

HOCKEY LEAGUE

  • 25.QUE4CHI5
  • 26.CHA2LIM3
  • 27.TRV2LON3
  • 28.CHW4BAL2
  • 29.PITMAN
  • 30.ATLNHW
  • 31.WORPET
  • 32.RHI